 Dungeon Crawl Stone Soup version 0.31-a0-232-gb1c03b2570 (webtiles) character file.

Game seed: 9014762761050884453

4365 sanka the Destroyer (level 9, 0/71 HPs)
             Began as a Demigod Conjurer on July 7, 2023.
             Slain by an Executioner (6 damage)
             ... on level 2 of the Abyss.
             The game lasted 00:15:22 (10304 turns).

sanka the Destroyer (Demigod Conjurer)             Turns: 10304, Time: 00:15:23

Health: 0/71       AC:  3    Str:  8    XL:     9   Next: 89%
Magic:  20/21      EV: 12    Int: 38    God:
Gold:   180        SH:  0    Dex: 12    Spells: 9/20 levels left

rFire   . . .        o - +0 great sword
rCold   . . .        (shield currently unavailable)
rNeg    . . .        a - +0 robe
rPois   .            (no helmet)
rElec   .            A - scarf {shadows}
rCorr   .            d - +0 pair of gloves
SInv    .            (no boots)
Will    +....        h - amulet of regeneration
Stlth   ++           w - +6 ring of intelligence
HPRegen 1.11/turn    g - ring of willpower
MPRegen 0.17/turn

%: no passive effects
@: about to teleport
A: high MP 1, forlorn, divine attributes
a: no special abilities


You were on level 2 of the Abyss.
You visited 1 branch of the dungeon, and saw 9 of its levels.
You visited the Abyss 1 time.

You collected 612 gold pieces.
You spent 432 gold pieces at shops.


Innate Abilities, Weirdness & Mutations

You have an increased reservoir of magic. (+10% MP)
You shall have no god before yourself.
Your divine heritage dramatically boosts your attributes as you level up.


   Skills:
 - Level 4.1 Fighting
 - Level 1.7 Dodging
 - Level 1.7 Stealth
 - Level 6.0 Spellcasting
 + Level 11.7 Conjurations


You had 9 spell levels left.
You knew the following spells:

 Your Spells              Type           Power      Damage    Failure   Level
c - Iskenderun's Mystic   Conj/Tloc      54%        2d12      2%          4
x - Searing Ray           Conj           100%       2d8       1%          2
z - Magic Dart            Conj           100%       1d8       1%          1
Z - Fulminant Prism       Conj/Hex       27%        3d14      2%          4

Your spell library contained the following spells:

 Spells                   Type           Power      Damage    Failure   Level
 Kiss of Death            Conj/Necr      100%       2d13      1%          1
 Dazzling Flash           Conj/Hex       100%       N/A       1%          3
 Hailstorm                Conj/Ice       54%        3d12      1%          3
 Mephitic Cloud           Conj/Pois/Air  41%        N/A       1%          3
 Freeze                   Ice            44%        1d6       3%          1
 Ensorcelled Hibernation  Hex/Ice        22%        N/A       4%          2
 Passwall                 Tmut/Erth      9%         N/A       4%          2
 Poisonous Vapours        Pois/Air       22%        N/A       4%          2
 Confusing Touch          Hex            11%        N/A       9%          3
 Frozen Ramparts          Ice            22%        1d4       9%          3
 Swiftness                Air            11%        N/A       9%          3
 Freezing Cloud           Conj/Ice/Air   20%        6-21      17%         5
 Dispel Undead            Necr           11%        3d9       30%         4
 Olgreb's Toxic Radiance  Pois           11%        N/A       30%         4
 Malign Gateway           Summ/Tloc      5%         N/A       100%        7
 Discord                  Hex            5%         N/A       100%        8
 Ignition                 Fire           5%         3d4       100%        8
 Summon Horrible Things   Summ           5%         N/A       100%        8

Inventory:

Hand Weapons
 k - a +0 halberd
 o - a +0 great sword (weapon)
Missiles
 B - a curare-tipped dart {=f}
Armour
 a - a +0 robe (worn)
 d - a +0 pair of gloves (worn)
 v - a +0 cloak
 A - a scarf of shadows (worn)
Jewellery
 g - a ring of willpower (right hand)
 h - an amulet of regeneration (around neck)
 w - a +6 ring of intelligence (left hand)
Wands
 s - a wand of acid (6)
 u - a wand of flame (24)
Scrolls
 e - a scroll of amnesia {unknown}
 i - a scroll of revelation
 l - a scroll of enchant armour {unknown}
 m - a scroll of torment {unknown}
 n - 2 scrolls of noise {!r}
 p - a scroll of blinking {unknown}
 q - a scroll of teleportation {@r4}
 r - a scroll of immolation {!r}
 t - a scroll of fog
 x - a scroll of poison {!r}
 y - a scroll of vulnerability {unknown}
Potions
 b - a potion of magic
 c - a potion of ambrosia {unknown}
 f - 4 potions of curing {unknown}
 j - 3 potions of resistance {unknown}
 z - a potion of lignification {unknown}
 C - a potion of degeneration {unknown}

Dungeon Overview and Level Annotations

Branches:
Dungeon (9/15)             Temple (0/1) D:4
   Lair: D:8-11         Orc: D:9-12

Shops:
D:4

= .▒ >▒...
▒..▒.▒▒▒▒▒▒▒
.▒.▒...▒...▒▒▒▒▒▒
▒.......▒.. ...▒▒
▒...▒...▒▒.▒▒.▒
▒.....1.▒▒▒▒ . ▒
▒...▒p..▒ ▒. .
▒.▒....▒▒ ▒≈▒▒
▒.▒▒..▒ .. ...
..▒▒ ▒. ▒▒. ▒▒▒
▒. ▒


You could see an Executioner (fast).


Message History

The Executioner barely misses you.
The Executioner attacks as you move away!
The Executioner closely misses you.
The Executioner hits you but does no damage.
The Executioner hits you! The Executioner hits you. The Executioner hits you.
The Executioner barely misses you. The Executioner barely misses you.
The Executioner completely misses you. The Executioner hits you.
* * * LOW HITPOINT WARNING * * *
The Executioner closely misses you. The Executioner barely misses you.
The Executioner hits you.
* * * LOW HITPOINT WARNING * * *
The Executioner hits you!
* * * LOW HITPOINT WARNING * * *
The Executioner hits you.
* * * LOW HITPOINT WARNING * * *
The Executioner closely misses you.
Found a gateway leading deeper into the Abyss.
The Executioner closely misses you. The Executioner hits you!
* * * LOW HITPOINT WARNING * * *
The Executioner hits you.
* * * LOW HITPOINT WARNING * * *
The Executioner completely misses you. The Executioner hits you.
You die...

Action                     |  1- 3 |  4- 6 |  7- 9 || total
---------------------------+-------+-------+-------++-------
  Melee: Halberd           |       |    22 |       ||    22
         Great sword       |       |       |    20 ||    20
   Cast: Magic Dart        |    74 |    94 |    86 ||   254
         Searing Ray       |       |    11 |    51 ||    62
         Fulminant Prism   |       |       |     8 ||     8
  Evoke: Wand              |       |       |     6 ||     6
    Use: Scroll            |       |       |     7 ||     7
   Stab: Sleeping          |       |       |     1 ||     1
 Armour: Robe              |     6 |    19 |    22 ||    47
  Dodge: Dodged            |    14 |    46 |    89 ||   149

Levels and vault maps discovered:
D:1:      scummos_arrival_simple_crosswalls, layout_basic,
          dreamdust_ecumenical_altar_drowned_temple, minivault_4
D:2:      layout_loops_ring, serial_glass, glass_columns_a, glass_columns_a,
          hex_medium, nrook_mini_backslash, uniq_jessica
D:3:      layout_basic, grunt_temple_overflow_order_and_chaos_1, serial_bayou,
          serial_bayou_lagoon_a, serial_bayou_shore_a, serial_bayou_pond_e,
          serial_bayou_ford_a, serial_bayou_pond_d, minmay_shallow_snake_nest
D:4:      layout_loops_ring, amcnicky_altar_gilded, temple_pool_b,
          serial_rivers, chequers_serial_rivers_marsh,
          chequers_serial_rivers_small_3, chequers_serial_rivers_micro_e,
          chequers_serial_rivers_large_b, chequers_serial_rivers_micro_d,
          chequers_serial_rivers_room_b, minmay_shop_enchanted_jewellery
D:5:      layout_basic
D:6:      layout_loops_corners, lemuel_flame_loot_1, uniq_prince_ribbit1
D:7:      layout_loops_ring
D:8:      layout_loops_corners, mainiacjoe_overflow_catch_the_wave
D:9:      layout_roguey, minmay_fractal_squares_gapless_7, uniq_erica
Abyss:2:  base: D:6, serial_sigils_hangedman_snap

Notes
Turn   | Place    | Note
-------+----------+-------------------------------------------
     0 | D:1      | sanka the Demigod Conjurer began the quest for the Orb.
     0 | D:1      | Reached XP level 1. HP: 14/14 MP: 5/5
   117 | D:1      | Reached skill level 2 in Spellcasting
   540 | D:1      | Reached skill level 4 in Conjurations
   542 | D:1      | Reached XP level 2. HP: 20/20 MP: 1/7
   602 | D:1      | Learned a level 2 spell: Searing Ray
  1686 | D:2      | Reached XP level 3. HP: 26/26 MP: 6/8
  2147 | D:2      | Noticed Jessica
  2157 | D:2      | Killed Jessica
  2158 | D:2      | Reached skill level 5 in Conjurations
  2158 | D:2      | Reached XP level 4. HP: 31/33 MP: 4/9
  2959 | D:3      | Noticed an angel
  3195 | D:3      | Reached XP level 5. HP: 16/38 MP: 1/10
  3551 | D:4      | Reached skill level 6 in Conjurations
  3700 | D:4      | Reached skill level 1 in Fighting
  4055 | D:4      | Reached skill level 2 in Fighting
  4113 | D:4      | Found Cosocre's Jewellery Boutique.
  4338 | D:4      | Found a staircase to the Ecumenical Temple.
  4655 | D:5      | Entered Level 5 of the Dungeon
  4656 | D:5      | Noticed a water moccasin
  4660 | D:5      | Killed a water moccasin
  4661 | D:5      | Reached skill level 3 in Fighting
  4661 | D:5      | Reached XP level 6. HP: 50/51 MP: 5/11
  4733 | D:5      | Reached skill level 4 in Fighting
  5006 | D:5      | Reached XP level 7. HP: 59/59 MP: 2/14
  5127 | D:5      | Reached skill level 3 in Spellcasting
  5480 | D:5      | Reached skill level 7 in Conjurations
  5890 | D:6      | Reached skill level 4 in Spellcasting
  6148 | D:6      | Reached XP level 8. HP: 66/66 MP: 9/18
  6472 | D:6      | Noticed Prince Ribbit
  6479 | D:6      | Killed Prince Ribbit
  6480 | D:6      | Reached skill level 5 in Spellcasting
  6480 | D:6      | Reached skill level 8 in Conjurations
  6860 | D:6      | Reached skill level 9 in Conjurations
  7180 | D:6      | HP: 1/66 [something (26)]
  7380 | D:7      | Learned a level 4 spell: Fulminant Prism
  7385 | D:7      | Learned a level 4 spell: Iskenderun's Mystic Blast
  7634 | D:7      | Reached XP level 9. HP: 61/71 MP: 6/20
  7722 | D:7      | Reached skill level 10 in Conjurations
  8049 | D:4      | Bought a +6 ring of intelligence for 432 gold pieces
  9744 | D:9      | Reached skill level 6 in Spellcasting
 10026 | D:9      | Reached skill level 11 in Conjurations
 10184 | D:9      | Noticed a wizard
 10211 | Abyss:2  | Cast into level 2 of the Abyss (a wizard)
 10296 | Abyss:2  | Noticed an Executioner
 10304 | Abyss:2  | HP: 6/71 [Executioner (3)]
 10304 | Abyss:2  | Slain by an Executioner

Vanquished Creatures
  Prince Ribbit (D:6)
  5 yaks (D:9)
  3 wyverns
  A steam dragon (D:6)
  2 water moccasins
  An ice beast (D:6)
  An orc warrior (D:7)
  2 black bears (D:5)
  4 ogres
  A centaur (D:6)
  A kobold brigand (D:9)
  4 bullfrogs
  A scorpion (D:5)
  8 wights
  3 killer bees (D:9)
  7 howler monkeys
  3 hounds
  3 orc priests
  2 jellies
  Jessica (D:2)
  An iguana (D:6)
  5 orc wizards
  12 adders
  6 gnolls
  A shadow imp (D:6)
  2 ufetubi
  3 dart slugs
  17 orcs
  9 bats
  3 endoplasms
  2 giant cockroaches
  7 goblins
  8 hobgoblins
  11 jackals
  A quokka (D:2)
  11 ball pythons
  4 frilled lizards
  13 kobolds
  3 rats
  A spectral hobgoblin (D:1)
174 creatures vanquished.

Vanquished Creatures (others)
  8 fulminant prisms
8 creatures vanquished.

Grand Total: 182 creatures vanquished
